 Dungeon Crawl Stone Soup version 0.29-a0-275-g389c0b56f3 (webtiles) character file.

Game seed: 4677410377641348907

368 enile the Skirmisher (level 7, -2/54 HPs)
             Began as a Djinni Fire Elementalist on Mar 12, 2022.
             Was a Follower of Wu Jian.
             Slain by Edmund
             ... wielding a +2 flail of protection
              (13 damage)
             ... on level 4 of the Dungeon.
             The game lasted 00:03:07 (3999 turns).

enile the Skirmisher (Djinni Fire Elementalist)     Turns: 3999, Time: 00:03:08

Health: -2/54      AC:  3    Str:  7    XL:     7   Next: 1%
Gold:   149        EV: 12    Int: 19    God:    Wu Jian [*.....] SH:  0 Dex: 19

rFire   + + +      SeeInvis .   k - +2 fustibalus (vorpal)
rCold   x x .      Faith    .   (no shield)
rNeg    . . .      Spirit   .   a - +1 robe
rPois   ∞          Reflect  .   (no helmet)
rElec   .          Harm     .   (no cloak)
rCorr   .          Rampage  .   (no gloves)
Will    .....                   (boots unavailable)
Stlth   ++........              (no amulet)
HPRegen 0.18/turn               w - +6 ring of dexterity
MPRegen 0.00/turn               s - ring of fire

@: swift, flying, very slightly contaminated, quick
A: sickness immunity, fire resistance 2, cold vulnerability 1, float, innate
caster, HP casting, extra vitality 1
a: Renounce Religion


You were on level 4 of the Dungeon.
You worshipped Wu Jian.
Wu Jian was aware of your devotion.
You visited 1 branch of the dungeon, and saw 4 of its levels.

You collected 149 gold pieces.

Inventory:

Hand Weapons
 d - a +0 short sword
 k - a +2 vorpal fustibalus (weapon)
Missiles
 g - 14 poisoned darts
Armour
 a - a +1 robe (worn)
Jewellery
 s - a ring of fire (right hand)
 w - a +6 ring of dexterity (left hand)
Wands
 q - a wand of paralysis (4)
Scrolls
 c - a scroll of teleportation {unknown}
 e - a scroll of magic mapping {unknown}
 i - 2 scrolls of vulnerability {unknown}
 j - a scroll of amnesia {unknown}
 l - 4 scrolls of identify {unknown}
 r - a scroll of fog {unknown}
 t - a scroll of immolation {unknown}
Potions
 b - a potion of ambrosia {unknown}
 f - 2 potions of curing
 h - 2 potions of haste {unknown}
 m - a potion of berserk rage {unknown}
 o - a potion of cancellation {unknown}
 p - a potion of mutation {unknown}
 u - a potion of flight {unknown}
 v - a potion of heal wounds {unknown}


   Skills:
 - Level 5.0 Fighting
 - Level 2.1 Dodging
 - Level 1.5 Stealth
 + Level 4.0 Spellcasting


You couldn't memorise any spells.
You knew the following spells:

 Your Spells              Type           Power      Damage    Failure   Level
a - Foxfire               Conj/Fire      100%       2x1d9     2%          1
b - Scorch                Fire           56%        2d8       4%          2
c - Conjure Flame         Conj/Fire      28%        6-21      8%          3
d - Inner Flame           Hex/Fire       28%        N/A       8%          3
e - Flame Wave            Conj/Fire      28%        2d8       26%         4
f - Slow                  Hex            76%        N/A       2%          1
g - Passwall              Tmut/Erth      15%        N/A       4%          2
h - Swiftness             Air            19%        N/A       8%          3
Your spell library was empty.

Dungeon Overview and Level Annotations

Branches:
Dungeon (4/15)
 Temple: D:4-7

Altars:
Fedhas
Wu Jian

Annotations:
D:4 Edmund


Innate Abilities, Weirdness & Mutations

You are immune to sickness and miasma.
You are immune to poison.
Your flesh is very heat resistant. (rF++)
You are vulnerable to cold. (rC-)
You float through the air rather than walking.
You learn spells naturally, not from books.
Your magical power is your life essence.
You have superior vitality. (+4 MHP)


Message History

Edmund is lightly wounded.
The foxfire hits Edmund but does no damage.
Edmund is lightly wounded.
Edmund hits you with a +2 flail of protection.
Aiming: Paralyse
Press: ? - help, Shift-Dir - straight line, f - Edmund
Aim: Edmund, wielding a +2 flail of protection and wearing a +0 scale mail (lightly wounded, chance to affect: 49%) Edmund resists with some effort.
Edmund hits you with a +2 flail of protection!
Casting: Foxfire (safe; 2% risk of failure)
Confirm with . or Enter, or press ? or * to list all spells.
Okay, then.
Edmund attacks as you move away! Edmund barely misses you.
Edmund attacks as you move away! Edmund misses you.
Casting: Foxfire (safe; 2% risk of failure)
Confirm with . or Enter, or press ? or * to list all spells.
You miscast Swiftness.
You are very lightly contaminated with residual magic.
Nothing appears to happen.
Edmund closely misses you.
Casting: Swiftness (dangerous; 8% risk of failure)
Confirm with . or Enter, or press ? or * to list all spells.
You miscast Swiftness.
Nothing appears to happen.
Edmund hits you with a +2 flail of protection!
* * * LOW HITPOINT WARNING * * *
Casting: Swiftness (dangerous; 8% risk of failure)
Confirm with . or Enter, or press ? or * to list all spells.
Okay, then.
It was a potion of curing.
You feel better.
Edmund hits you with a +2 flail of protection!
* * * LOW HITPOINT WARNING * * *
You feel better. Edmund closely misses you.
As you read the scroll labelled CEQUSS MIBU, it crumbles to dust.
It is a scroll of enchant armour.
Your +0 robe glows green for a moment.
Edmund barely misses you.
Casting: Swiftness (dangerous; 8% risk of failure)
Confirm with . or Enter, or press ? or * to list all spells.
You feel quick.
* * * LOW HITPOINT WARNING * * *
Edmund hits you with a +2 flail of protection!
You die...

.################).......#'######
P# .... #.....##......... P# ...
.#.....##......... P#
###.######..#.######........# ##
##[#.........#..#####........#
...#...........##.....##........#
...............[#...............#
########..#######.....###########
...............@@.#####
......############# .....##
.....# .....# .....# ######


You could see Edmund.

Vanquished Creatures
  Grinder (D:3)
  A scorpion (D:4)
  Natasha (twice) (D:2)
  3 adders (D:2)
  2 worms
  7 ball pythons
  4 bats
  3 endoplasms
  A giant cockroach (D:1)
  A hobgoblin (D:2)
  2 jackals (D:2)
  8 kobolds
  A quokka (D:3)
  A frilled lizard (D:3)
  7 goblins
  11 rats
55 creatures vanquished.

Vanquished Creatures (others)
  265 foxfires
265 creatures vanquished.

Grand Total: 320 creatures vanquished

Notes
Turn   | Place    | Note
-------+----------+-------------------------------------------
     0 | D:1      | enile the Djinni Fire Elementalist began the quest for the
                  | Orb.
     0 | D:1      | Reached XP level 1. HP: 15/15 MP: 0/0
   150 | D:1      | Reached skill level 1 in Fighting
   402 | D:1      | Reached XP level 2. HP: 16/22 MP: 0/0
   635 | D:1      | Reached skill level 2 in Fighting
  1016 | D:1      | Reached XP level 3. HP: 25/28 MP: 0/0
  1016 | D:1      | Learned a level 1 spell: Slow
  1765 | D:2      | Noticed Natasha
  1773 | D:2      | Killed Natasha
  1774 | D:2      | Reached XP level 4. HP: 11/33 MP: 0/0
  2097 | D:2      | Noticed Natasha
  2102 | D:2      | Killed Natasha
  2103 | D:2      | Reached XP level 5. HP: 34/38 MP: 0/0
  2103 | D:2      | Learned a level 2 spell: Passwall
  2982 | D:3      | Noticed Grinder
  2997 | D:3      | Killed Grinder
  2998 | D:3      | Reached skill level 4 in Fighting
  2998 | D:3      | Reached XP level 6. HP: 18/48 MP: 0/0
  3330 | D:3      | Found a faded altar of an unknown god.
  3477 | D:3      | Prayed at the altar of an unknown god.
  3477 | D:3      | Became a worshipper of the Wu Jian Council
  3477 | D:3      | Reached * piety under Wu Jian
  3515 | D:4      | Reached XP level 7. HP: 37/53 MP: 0/0
  3515 | D:4      | Learned a level 3 spell: Swiftness
  3519 | D:4      | Reached skill level 5 in Fighting
  3696 | D:4      | Found a blossoming altar of Fedhas.
  3975 | D:4      | Noticed Edmund
  3999 | D:4      | Slain by Edmund

Illustrated notes

Levels and vault maps discovered:
D:1:      minmay_arrival_stone_box, layout_basic
D:2:      layout_loops_ring, kennysheep_crisscross, minivault_25,
          nrook_campfire, uniq_natasha
D:3:      layout_basic, nicolae_ecumenical_pavilion, uniq_grinder
D:4:      layout_basic, kennysheep_mini_moat, minitemple,
          sigmund_edmund_badplayer

Skill      XL: |  1  2  3  4  5  6  7 |
---------------+----------------------+-----
Fighting       | 1 2 4 5 |  5.0
Spellcasting   | 3 4 |  4.0
Dodging        | |  2.1
Stealth        | |  1.5

Action                   |  1- 3 |  4- 6 |  7- 9 || total
-------------------------+-------+-------+-------++-------
Melee: Unarmed           |     4 |       |       ||     4
 Fire: Fustibalus        |       |    11 |     7 ||    18
 Cast: Foxfire           |    81 |    59 |    28 ||   168
       Scorch            |     5 |     8 |       ||    13
       Inner Flame       |       |     1 |       ||     1
       Swiftness         |       |       |     1 ||     1
Evoke: Wand              |       |       |     1 ||     1
  Use: Potion            |       |       |     2 ||     2
       Scroll            |       |       |     1 ||     1
Armor: Robe              |     5 |     1 |       ||     6
Dodge: Dodged            |    18 |    11 |    10 ||    39

Table legend: (Time is in decaauts)
 A = Elapsed time spent in this place.
 B = Non-inter-level travel time spent in this place.
 C = Inter-level travel time spent in this place.
 D = Time resting spent in this place.
 E = Time spent auto-exploring this place.
 F = Levels seen in this place.
 G = Mean time per level.
                   A        B        C        D        E       F      G
               +--------+--------+--------+--------+--------+-----+--------+
         Total |   4006 |   3870 |    136 |      4 |   3316 |   4 | 1001.5 |
       Dungeon |   4006 |   3870 |    136 |      4 |   3316 |   4 | 1001.5 |
               +--------+--------+--------+--------+--------+-----+--------+

Top non-repeatable levels by time:
     D:2: 1465 daAuts
     D:1: 1164 daAuts
     D:3: 874 daAuts
     D:4: 501 daAuts
